Map: Tropic Shores

Players

UnabatedWolf

  • Race: Terran Terran
  • Spawn Location: 12:00

Beatronix

  • Race: Terran Terran
  • League: Silver
  • Spawn Location: 12:00

ZenJammer

  • Race: Protoss Protoss
  • Spawn Location: 11:00

Groovy

  • Race: Zerg Zerg
  • Spawn Location: 0:00

pilgrimbizkt - Winner!

  • Race: Terran Terran
  • Spawn Location: 5:00

Azure - Winner!

  • Race: Terran Terran
  • Spawn Location: 6:00

TheReaper - Winner!

  • Race: Protoss Protoss
  • Spawn Location: 6:00

Winthrowe - Winner!

  • Race: Terran Terran
  • League: Silver
  • Spawn Location: 5:00

VOD

Have the link to the VOD?

Description

Time

  • Played on: Sept. 3, 2017, 9:32 p.m.
  • Length: 19:06
Show
View Real Time Build Order
Export as new Build Order

UnabatedWolf Terran 

Build Orders:  

Get SALT Encoding   

  12  0:06  SCV  
  13  0:30  Supply Depot  
  13  0:38  SCV  
  14  0:50  SCV  
  14  0:52  Supply Depot  
  15  1:00  Refinery, Barracks  
  15  1:04  SCV  
  16  1:16  SCV  
  17  1:27  Refinery  
  17  1:29  SCV  
  18  1:41  SCV  
  19  1:47  Barracks  
  19  1:49  Marine  
  19  1:53  SCV  
  21  2:05  SCV  
  22  2:17  SCV  
  22  2:20  Barracks Reactor  
  23  2:29  SCV  
  24  2:32  Factory  
  24  2:35  Barracks Reactor  
  24  2:41  SCV  
  25  2:47  Engineering Bay  
  25  2:53  SCV  
  26  3:01  Marine  
  26  3:02  Marine  
  28  3:05  SCV  
  29  3:13  Engineering Bay  
  29  3:15  Bunker  
  29  3:17  SCV  
  29  3:18  Marine  
  31  3:26  Factory Reactor  
  31  3:48  Command Center  
  31  3:58  Supply Depot  
  31  4:10  Orbital Command  
  31  4:19  Marine x4  
  31  4:21  Missile Turret, Supply Depot  
  35  4:26  Widow Mine  
  37  4:35  SCV  
  38  4:43  Missile Turret  
  38  4:45  Supply Depot  
  38  4:47  SCV  
  38  4:52  Marine  
  41  5:00  Orbital Command, SCV  
  41  5:08  Supply Depot  
  41  5:19  Widow Mine  
  43  5:21  Marine x2  
  43  5:22  Marine x2  
  43  5:27  SCV  
  49  5:35  SCV  
  49  5:39  SCV  
  50  5:47  SCV  
  51  5:50  Missile Turret  
  51  5:51  SCV  
  51  5:55  Hi-Sec Auto Tracking  
  51  5:56  Widow Mine x2  
  56  5:59  Marine x2  
  56  6:00  Marine x2, SCV  
  61  6:08  SCV  
  62  6:11  Missile Turret  
  62  6:12  SCV  
  62  6:16  Missile Turret x2  
  63  6:20  SCV  
  63  6:24  SCV  
  65  6:38  SCV  
  66  6:44  Marine x4  
  70  6:48  Terran Infantry Armor Level 1  
  70  6:50  SCV  
  70  6:51  Widow Mine x2  
  70  6:52  Terran Infantry Weapons Level 1  
  75  7:02  Marine x3  
  78  7:20  Command Center  
  78  7:24  Factory  
  78  7:27  Factory  
  78  7:32  Barracks  
  78  7:33  Barracks  
  78  7:35  Barracks  
  78  7:57  Marine  
  78  7:58  SCV x2  
  81  8:02  Supply Depot  
  81  8:06  Widow Mine x2  
  81  8:10  SCV  
  81  8:11  Factory  
  86  8:24  SCV, Factory  
  86  8:26  Factory  
  87  8:30  Supply Depot  
  87  8:32  Factory Tech Lab  
  87  8:33  Refinery  
  85  8:34  Widow Mine  
  85  8:36  SCV  
  85  8:37  Refinery  
  70  8:50  Factory Tech Lab  
  37  9:10  Factory Tech Lab  
  37  9:13  Siege Tank x2  
  40  9:24  Barracks Reactor  
  40  9:25  Barracks Reactor  
  40  9:30  Siege Tank  
  43  9:35  Factory Reactor  
  43  9:45  Siege Tank x2  
  32  10:33  Supply Depot  
  32  10:34  Supply Depot  
  32  10:35  Supply Depot x3  
  32  10:37  Supply Depot  
  32  10:55  Marine x5, Siege Tank  
  27  11:25  Cyclone x2  
  16  12:10  Factory Reactor  
  16  12:11  Cyclone  
  19  12:22  Cyclone  
  22  12:41  SCV  
  22  12:43  Cyclone  
  26  12:53  SCV  
  27  13:02  Cyclone  
  30  13:05  SCV  
  31  13:15  Cyclone  
  25  13:47  Cyclone  
  25  14:05  SCV  
Show
View Real Time Build Order
Export as new Build Order

Beatronix Terran 

Build Orders:  

Get SALT Encoding   

  12  0:01  SCV  
  13  0:22  Supply Depot  
  13  0:31  SCV  
  14  0:45  Barracks  
  14  0:53  Barracks  
  14  1:02  SCV  
  15  1:13  Barracks  
  15  1:35  Supply Depot  
  15  1:42  Marine x2  
  17  1:48  Supply Depot  
  17  1:52  SCV  
  18  1:54  Refinery  
  18  2:00  Marine x2  
  18  2:01  Marine  
  20  2:04  SCV  
  22  2:17  Marine  
  22  2:18  Marine  
  22  2:19  Marine  
  25  2:35  Marine x2  
  25  2:36  Marine  
  28  3:14  Marine x2  
  28  3:15  Marine  
  31  3:20  Refinery  
  31  3:32  Marine x3  
  34  3:50  Marine x3  
  37  3:57  Factory  
  37  4:08  Marine x2  
  39  4:13  Supply Depot  
  39  4:35  Marine x3, SCV  
  43  4:45  Cyclone  
  46  4:53  Marine  
  47  5:19  Command Center  
  47  5:39  Orbital Command  
  47  5:58  Barracks Reactor  
  47  6:00  Barracks Tech Lab  
  47  6:08  Barracks Reactor  
  47  6:09  Supply Depot  
  47  6:10  Supply Depot  
  47  6:38  SCV  
  48  6:51  SCV  
  48  6:58  Marine x4  
  48  6:59  Marine  
  53  7:03  SCV  
  53  7:06  Engineering Bay  
  53  7:08  Starport  
  54  7:15  Marine, SCV  
  54  7:34  Terran Infantry Weapons Level 1  
  54  7:35  Engineering Bay  
  54  7:39  SCV  
  54  7:40  SCV  
  54  7:43  Refinery  
  56  7:49  Medivac  
  56  7:51  SCV  
  59  7:52  SCV  
  60  8:04  SCV  
  61  8:11  SCV  
  61  8:12  Refinery  
  62  8:17  SCV  
  37  9:00  Marine x2, Liberator  
  37  9:01  Marine x3  
  42  9:05  Terran Infantry Armor Level 1  
  42  9:08  Cyclone  
  44  9:18  Marine x3  
  44  9:19  Marine x2  
  52  9:36  Marine x2  
  54  9:39  Widow Mine  
  39  10:04  Marine  
  39  10:05  Marine x4  
  44  10:08  Widow Mine  
  37  10:22  Marine x2  
  37  10:23  Marine x2  
  41  10:30  Marine  
  42  10:37  SCV  
  42  10:40  Marine x3  
  42  10:41  Marine, Command Center  
  47  10:48  Marine  
  47  10:49  SCV  
  49  11:01  SCV  
  50  11:10  Marine x4  
  50  11:11  Marine  
  55  11:13  SCV  
  46  11:21  Ghost Academy  
  25  11:43  Marine x3  
  28  11:51  Armory, Ghost Academy  
  28  11:55  Nuke  
  28  12:24  Personal Cloaking  
  28  12:26  Ghost  
  30  12:32  Marine  
  30  12:33  Marine  
  30  12:36  Barracks Tech Lab  
  32  12:50  Marine  
  33  12:51  Ghost Academy  
  33  12:55  Ghost  
  35  13:03  Ghost  
  37  13:23  Ghost  
  26  13:52  Ghost  
  28  14:07  Nuke  
  28  14:08  Nuke  
  28  14:12  Ghost Academy  
  28  14:20  Ghost Academy  
  28  14:24  Ghost  
  15  15:46  Ghost x2  
  15  15:49  Nuke x2  
  19  15:50  Nuke x2  
  19  15:54  Refinery  
  19  15:59  Refinery  
  19  16:00  Marine x2  
  15  16:15  Marine, Ghost  
  7  16:33  Ghost  
  7  16:43  Liberator  
Show
View Real Time Build Order
Export as new Build Order

ZenJammer Protoss 

Build Orders: Nexus First 

Get SALT Encoding   

  12  0:02  Probe (Chrono Boost)  
  13  0:12  Probe (Chrono Boost)  
  14  0:30  Probe (Chrono Boost)  
  15  0:57  Nexus  
  15  1:04  Pylon  
  15  1:22  Probe (Chrono Boost)  
  16  1:33  Probe (Chrono Boost)  
  17  1:46  Probe (Chrono Boost)  
  18  1:49  Nexus  
  18  1:56  Probe (Chrono Boost)  
  19  2:02  Gateway  
  19  2:07  Probe (Chrono Boost)  
  20  2:11  Probe (Chrono Boost)  
  21  2:17  Probe (Chrono Boost)  
  21  2:21  Probe (Chrono Boost)  
  23  2:28  Probe (Chrono Boost)  
  24  2:32  Probe (Chrono Boost)  
  24  2:33  Assimilator  
  25  2:38  Assimilator, Probe (Chrono Boost)  
  25  2:42  Probe (Chrono Boost)  
  27  2:49  Probe (Chrono Boost)  
  28  2:53  Probe (Chrono Boost)  
  28  2:57  Cybernetics Core  
  29  2:59  Probe (Chrono Boost)  
  29  3:02  Pylon  
  29  3:03  Probe (Chrono Boost)  
  31  3:14  Probe (Chrono Boost)  
  31  3:15  Probe (Chrono Boost)  
  33  3:25  Probe (Chrono Boost)  
  33  3:26  Probe (Chrono Boost)  
  35  3:30  Probe (Chrono Boost)  
  36  3:35  Probe (Chrono Boost)  
  36  3:36  Assimilator, Probe (Chrono Boost)  
  36  3:40  Assimilator  
  39  3:41  Probe (Chrono Boost)  
  39  3:46  Probe (Chrono Boost)  
  39  3:47  Probe (Chrono Boost)  
  41  3:56  Stargate  
  41  3:58  Probe (Chrono Boost)  
  42  4:05  Probe (Chrono Boost)  
  43  4:15  Probe (Chrono Boost)  
  44  4:18  Probe (Chrono Boost)  
  44  4:20  Probe (Chrono Boost)  
  46  4:24  Assimilator  
  46  4:26  Probe (Chrono Boost)  
  46  4:28  Probe (Chrono Boost)  
  46  4:31  Probe (Chrono Boost)  
  49  4:34  Stargate  
  49  4:35  Nexus  
  49  4:36  Probe (Chrono Boost)  
  49  4:37  Stargate  
  50  4:39  Probe (Chrono Boost)  
  51  4:47  Probe (Chrono Boost), Fleet Beacon  
  52  4:55  Assimilator  
  52  4:57  Probe (Chrono Boost)  
  53  5:08  Probe (Chrono Boost)  
  54  5:18  Probe (Chrono Boost)  
  55  5:25  Phoenix x2  
  55  5:26  Phoenix  
  61  5:33  Pylon, Protoss Air Weapons Level 1  
  61  5:38  Pylon  
  61  5:39  Pylon  
  61  5:42  Pylon  
  61  5:43  Assimilator  
  61  5:47  Assimilator, Probe (Chrono Boost)  
  62  5:58  Probe (Chrono Boost)  
  62  5:59  Pylon  
  62  6:00  Pylon  
  62  6:02  Phoenix  
  62  6:03  Phoenix, Pylon  
  62  6:04  Pylon  
  67  6:08  Probe (Chrono Boost)  
  67  6:09  Stargate  
  68  6:12  Anion Pulse-Crystals  
  68  6:14  Mothership Core (Chrono Boost)  
  68  6:17  Probe (Chrono Boost)  
  71  6:19  Probe (Chrono Boost)  
  72  6:27  Phoenix x2, Probe (Chrono Boost)  
  72  6:29  Probe (Chrono Boost)  
  78  6:37  Twilight Council  
  78  6:38  Probe (Chrono Boost)  
  80  6:40  Cybernetics Core, Probe (Chrono Boost)  
  80  6:48  Probe (Chrono Boost)  
  80  6:52  Robotics Facility  
  81  6:56  Phoenix x3  
  81  6:59  Probe (Chrono Boost)  
  88  7:09  Probe (Chrono Boost)  
  89  7:16  Phoenix  
  89  7:20  Probe (Chrono Boost)  
  89  7:21  Stargate, Phoenix x2  
  96  7:27  Protoss Air Armor Level 1  
  96  7:30  Probe (Chrono Boost)  
  97  7:37  Probe (Chrono Boost)  
  97  7:41  Probe (Chrono Boost)  
  99  7:51  Probe (Chrono Boost)  
  99  7:57  Nexus  
  100  7:58  Carrier x2  
  100  7:59  Carrier  
  100  8:02  Probe (Chrono Boost)  
  119  8:08  Probe (Chrono Boost)  
  121  8:13  Probe (Chrono Boost)  
  121  8:32  Carrier x2  
  123  9:24  Carrier x3  
  131  9:43  Probe (Chrono Boost)  
  132  9:46  Assimilator  
  132  9:50  Assimilator  
  129  9:53  Probe (Chrono Boost)  
  129  9:57  Carrier  
  136  10:00  Carrier  
  140  10:13  Pylon  
  140  10:15  Pylon  
  140  10:16  Pylon  
  140  10:19  Pylon  
  127  10:50  Carrier x3  
  143  11:05  Probe (Chrono Boost)  
  143  11:07  Nexus, Probe (Chrono Boost)  
  143  11:16  Probe (Chrono Boost)  
  143  11:18  Probe (Chrono Boost)  
  142  11:23  Carrier  
  134  11:26  Probe (Chrono Boost)  
  134  11:29  Probe (Chrono Boost)  
  134  11:37  Probe (Chrono Boost)  
  134  11:39  Probe (Chrono Boost)  
  129  12:17  Carrier x2  
  141  12:31  Carrier  
  141  12:32  Carrier  
  135  12:49  Carrier  
  141  12:54  Probe (Chrono Boost)  
  141  12:57  Probe (Chrono Boost)  
  143  13:04  Probe (Chrono Boost)  
  144  13:08  Probe (Chrono Boost)  
  145  13:15  Probe (Chrono Boost)  
  145  13:18  Probe (Chrono Boost)  
  147  13:25  Probe (Chrono Boost)  
  152  13:29  Probe (Chrono Boost)  
  153  13:36  Probe (Chrono Boost)  
  153  13:39  Probe (Chrono Boost)  
  127  14:02  Probe (Chrono Boost)  
  83  14:37  Carrier  
  72  15:00  Probe (Chrono Boost)  
  72  15:10  Probe (Chrono Boost)  
  73  15:21  Probe (Chrono Boost)  
  68  15:31  Probe (Chrono Boost)  
  69  15:36  Carrier x3  
  69  15:42  Probe (Chrono Boost)  
  88  15:55  Probe (Chrono Boost)  
  88  15:56  Probe (Chrono Boost)  
  90  16:05  Probe (Chrono Boost)  
  89  16:46  Probe (Chrono Boost)  
  89  16:56  Probe (Chrono Boost)  
  90  17:07  Probe (Chrono Boost)  
  90  18:03  Observer (Chrono Boost)  
  91  18:09  Probe (Chrono Boost)  
  78  18:24  Observer (Chrono Boost)  
  73  18:43  Observer (Chrono Boost)  
Show
View Real Time Build Order
Export as new Build Order

Groovy Zerg 

Build Orders: Hatch First 

Get SALT Encoding   

  12  0:02  Drone  
  13  0:08  Drone  
  14  0:26  Extractor, Drone  
  14  0:28  Extractor, Drone  
  14  0:32  Overlord  
  16  0:57  Hatchery  
  16  0:59  Drone  
  16  1:00  Drone  
  17  1:13  Drone x2  
  19  1:22  Overlord  
  19  1:32  Spawning Pool  
  18  1:39  Extractor, Drone  
  18  1:45  Drone  
  19  1:55  Drone  
  21  2:15  Drone x2  
  21  2:21  Queen  
  24  2:24  Queen  
  2  3:13  Queen  
  4  3:35  Drone x2  
  4  3:36  Drone x4  
  10  3:54  Metabolic Boost  
  10  4:05  Drone x2  
  10  4:06  Drone  
  13  4:22  Drone  
  13  4:23  Drone  
  15  4:29  Drone  
  16  4:34  Drone  
  17  4:40  Drone  
  18  4:46  Drone  
  18  4:51  Drone  
  20  4:55  Drone  
  20  4:58  Drone  
  22  5:08  Drone x2  
  22  5:10  Drone  
  22  5:13  Drone  
  26  5:16  Drone  
  26  5:19  Drone  
  28  5:22  Drone  
  29  5:30  Drone  
  29  5:31  Drone x2  
  32  5:40  Extractor  
  31  5:51  Extractor x2  
  31  5:56  Spore Crawler  
  28  5:57  Drone x2  
  28  5:58  Spore Crawler, Drone x2  
  28  5:59  Spore Crawler  
  28  6:00  Spore Crawler  
  28  6:01  Drone  
  30  6:05  Drone  
  30  6:07  Drone  
  30  6:10  Drone  
  33  6:19  Drone x3  
  36  6:36  Lair  
  36  6:43  Baneling Nest  
  36  6:44  Overlord x2  
  36  6:45  Overlord  
  36  7:08  Drone x2  
  36  7:09  Drone x5  
  36  7:10  Drone x3  
  45  7:22  Zergling x4  
  47  7:23  Zergling x2  
  47  7:29  Zergling x4  
  50  7:37  Zergling x4  
  50  7:38  Zergling x4  
  54  7:48  Zergling x4  
  56  7:58  Zergling x8  
  58  8:02  Centrifical Hooks  
  60  8:10  Overlord x3  
  60  8:11  Overlord  
  55  8:28  Baneling x4  
  55  8:29  Baneling x6  
  45  8:38  Drone x4  
  45  8:39  Drone x5  
  46  8:53  Queen  
  46  8:55  Zergling x6  
  48  8:56  Zergling x4  
  48  9:01  Baneling x3  
  51  9:03  Queen  
  51  9:08  Overseer  
  53  9:24  Baneling x5  
  53  9:25  Baneling x4  
  48  9:42  Zergling x4  
  48  9:43  Zergling x10  
  48  9:44  Zergling x2  
  52  10:02  Overseer  
  52  10:15  Baneling  
  52  10:16  Baneling x10  
  52  10:17  Baneling x5  
  46  10:46  Zergling x4  
  46  10:47  Zergling x10  
  46  10:48  Zergling x10  
  56  10:56  Zergling x6  
  59  11:03  Zergling x2  
  60  11:15  Baneling x5  
  60  11:16  Baneling x13  
  60  11:21  Overseer  
  60  11:24  Zergling x8  
  64  11:39  Hatchery  
  60  11:46  Zergling x10  
  56  11:47  Zergling x2  
  49  12:03  Zergling x8  
  49  12:04  Zergling x2  
  49  12:06  Baneling  
  49  12:07  Baneling x3  
Show
View Real Time Build Order
Export as new Build Order

pilgrimbizkt Terran - Winner!

Build Orders: MMM Bio 

Get SALT Encoding   

  12  0:02  SCV  
  13  0:17  SCV  
  14  0:21  Supply Depot  
  14  0:29  SCV  
  15  0:49  Barracks  
  15  0:52  SCV  
  16  1:04  SCV  
  17  1:16  SCV  
  18  1:25  Refinery  
  18  1:28  SCV  
  18  1:32  Refinery  
  19  1:43  Orbital Command  
  19  1:47  Marine  
  19  1:49  Command Center  
  20  2:05  Marine  
  21  2:09  SCV  
  22  2:20  Factory  
  22  2:21  SCV  
  23  2:29  Supply Depot  
  23  2:38  Barracks Tech Lab  
  23  2:39  Engineering Bay  
  23  2:51  SCV  
  24  2:55  Supply Depot  
  24  3:05  Factory Reactor  
  24  3:08  Starport  
  24  3:09  Marine  
  25  3:12  Stimpack  
  25  3:24  Barracks  
  25  3:32  Orbital Command  
  25  3:37  Marine  
  26  3:48  Factory Tech Lab  
  26  3:52  SCV  
  27  4:00  SCV  
  28  4:04  SCV  
  29  4:10  Barracks  
  29  4:11  Marine  
  29  4:12  SCV  
  29  4:16  SCV  
  32  4:19  Barracks Reactor  
  32  4:24  SCV  
  33  4:28  SCV  
  34  4:36  Siege Tank, SCV  
  38  4:39  Medivac  
  38  4:40  Medivac, SCV  
  43  4:48  SCV  
  43  4:52  SCV  
  45  5:00  SCV, Supply Depot  
  45  5:01  Marine x3  
  45  5:02  Marine  
  50  5:11  Terran Infantry Weapons Level 1  
  50  5:13  Medivac, Combat Shields  
  52  5:19  Marine  
  53  5:21  Refinery  
  53  5:22  SCV  
  53  5:23  Supply Depot, Refinery  
  53  5:25  SCV  
  55  5:34  SCV  
  55  5:35  Siege Tank  
  59  5:38  SCV  
  60  5:46  SCV  
  60  5:47  Supply Depot  
  61  5:52  Marine x3  
  61  5:53  Marine  
  61  5:55  Medivac  
  67  5:59  SCV  
  68  6:10  Marine x4, Supply Depot  
  68  6:11  SCV  
  73  6:13  Medivac  
  73  6:18  Siege Tank  
  78  6:31  Marine x4, SCV  
  83  6:37  Supply Depot  
  83  6:42  Supply Depot  
  83  6:43  SCV  
  84  6:49  Marine x2  
  86  6:56  Marine x2, SCV  
  89  7:05  Terran Infantry Armor Level 1  
  89  7:06  Marine x2  
  89  7:08  Armory  
  91  7:14  Marine x2  
  93  7:33  Marine  
  93  7:34  Marine x3  
  97  7:51  Marine x2  
  97  7:52  Marine x2  
  101  8:09  Marine x3  
  101  8:10  Marine  
  105  8:27  Marine x4  
  107  8:45  Marine x4  
  109  9:02  Marine  
  110  9:14  Marine x2  
  110  9:27  Marine x2  
  109  9:32  Marine  
  109  9:33  Marine  
  109  9:34  Siege Tank  
  108  9:42  Medivac  
  108  9:45  Marine x2  
  110  9:53  Marine x2, Medivac  
  89  10:03  Marine x2  
  89  10:06  Siege Tank  
  91  10:10  Marine  
  91  10:11  Marine, Terran Vehicle Weapons Level 1  
  91  10:12  Medivac  
  91  10:14  Terran Infantry Armor Level 2  
  93  10:20  Marine  
  95  10:23  Medivac  
  95  10:25  Starport, Barracks Reactor  
  96  10:28  Marine x2  
  98  10:38  Marine, Siege Tank  
  98  10:42  Medivac  
  104  10:46  Marine x2  
  106  10:50  Supply Depot  
  106  10:52  Supply Depot  
  106  10:53  Medivac  
  106  10:56  Marine  
  109  10:59  Supply Depot  
  109  11:01  Supply Depot  
  109  11:02  Supply Depot  
  109  11:04  Marine  
  109  11:05  Supply Depot  
  109  11:06  Engineering Bay  
  110  11:11  Marine x3  
  110  11:12  Siege Tank, Medivac  
  110  11:13  Supply Depot  
  110  11:14  Marine  
  110  11:17  Starport Reactor  
  119  11:20  Supply Depot  
  119  11:22  Marine  
  119  11:25  Armory, Supply Depot  
  120  11:26  Supply Depot  
  120  11:29  Marine x3  
  120  11:32  Marine  
  124  11:35  Terran Infantry Weapons Level 2  
  124  11:40  Marine  
  124  11:41  Supply Depot  
  124  11:44  Siege Tank  
  128  11:47  Marine x3  
  128  11:49  Marine, Supply Depot  
  132  11:57  Marine  
  133  12:05  Marine x3  
  133  12:07  Marine  
  137  12:15  Marine  
  138  12:23  Marine  
  138  12:24  Medivac x2  
  143  12:51  Terran Infantry Armor Level 3  
  143  13:33  Command Center  
  128  13:46  Marine  
  128  13:47  Marine x3  
  106  13:54  Marine  
  58  14:04  Marine x3  
  58  14:05  Marine  
  62  14:12  Marine  
  63  14:22  Marine x4  
  67  14:26  Siege Tank  
  67  14:30  Marine  
  71  14:33  Fusion Core  
  71  14:36  Command Center  
  71  14:40  Marine x4  
  75  14:47  Marine  
  75  14:49  Command Center  
  75  14:51  Starport  
  76  14:56  Command Center  
  76  14:58  Marine x4, Siege Tank  
  83  15:01  Orbital Command  
  83  15:05  Marine  
  84  15:21  Marine  
  84  15:22  Marine x3  
  84  15:23  Marine  
  89  15:34  Medivac x2  
  93  15:39  Marine x2  
  93  15:40  Marine x2, Thor  
  93  15:41  Marine  
  104  15:57  Marine  
  104  15:59  Orbital Command  
  105  16:04  Medivac x2  
  105  16:08  Refinery  
  105  16:10  Starport Tech Lab, Refinery  
  109  16:19  Refinery  
  109  16:23  Thor  
  109  16:24  Orbital Command  
  115  16:29  Orbital Command  
  115  16:35  Marine x2  
  115  16:36  Marine x3  
  120  16:53  Marine x3  
  120  16:54  Marine x2  
  125  17:11  Marine x4  
  125  17:12  Marine  
  130  17:18  SCV x3  
  130  17:19  SCV x3  
  136  17:29  Marine x5  
  140  17:30  SCV x2  
  143  17:47  Marine x5  
  148  18:04  Marine x2  
  148  18:05  Marine x3  
  153  18:17  Thor  
  159  18:22  Marine x2  
  159  18:23  Marine x3  
  159  18:26  Refinery  
  164  18:30  Refinery  
  170  18:35  Refinery  
  170  18:36  Refinery  
  170  18:40  Marine x4  
  170  18:41  Marine  
Show
View Real Time Build Order
Export as new Build Order

Azure Terran - Winner!

Build Orders: Command Center First (CC), Mech 

Get SALT Encoding   

  12  0:15  SCV  
  13  0:21  Refinery  
  13  0:28  SCV  
  14  0:40  SCV  
  15  1:02  Supply Depot  
  15  1:23  SCV  
  15  1:25  Supply Depot  
  16  1:35  SCV  
  17  1:45  Command Center  
  17  1:47  SCV  
  18  1:58  Engineering Bay  
  18  2:00  SCV  
  19  2:12  Barracks  
  19  2:59  Planetary Fortress  
  19  3:05  Factory  
  19  3:08  Refinery  
  19  3:14  Barracks Reactor  
  19  3:24  Refinery  
  19  3:26  SCV  
  20  3:38  SCV  
  20  3:41  SCV  
  22  3:50  SCV  
  22  3:53  SCV  
  22  3:54  Factory Tech Lab  
  25  4:02  SCV  
  25  4:03  Marine  
  25  4:04  Marine, Missile Turret  
  25  4:05  SCV  
  28  4:14  SCV  
  29  4:17  SCV  
  29  4:21  Marine x2, Siege Tank  
  35  4:29  SCV  
  36  4:39  Marine x2  
  38  4:46  Command Center  
  38  4:52  Widow Mine  
  38  4:53  SCV  
  38  4:57  Marine  
  42  5:05  SCV  
  43  5:09  Supply Depot  
  43  5:12  Supply Depot  
  43  5:17  SCV  
  44  5:24  Supply Depot  
  44  5:29  SCV  
  44  5:30  Supply Depot  
  44  5:33  Supply Depot x2  
  44  5:34  Marine  
  44  5:35  Marine  
  47  5:42  SCV  
  48  5:49  Siege Tank  
  51  5:59  SCV  
  52  6:11  SCV  
  52  6:17  Supply Depot  
  52  6:18  Supply Depot  
  53  6:19  Supply Depot  
  53  6:21  Widow Mine  
  53  6:23  SCV  
  53  6:24  Hi-Sec Auto Tracking  
  53  6:25  Supply Depot  
  56  6:36  SCV  
  57  6:44  Factory  
  57  6:48  SCV  
  58  7:01  Marine x2, Refinery  
  60  7:08  Siege Tank  
  63  7:19  Marine x2  
  65  7:26  SCV  
  65  7:28  Missile Turret  
  65  7:29  Factory  
  66  7:36  Marine  
  66  7:37  Marine  
  67  7:38  SCV, Factory Tech Lab  
  67  7:41  Siege Tank  
  72  7:50  SCV  
  72  7:51  Missile Turret x2  
  73  7:54  Marine x2, Missile Turret  
  75  8:02  SCV  
  76  8:14  Missile Turret  
  61  8:44  Factory Tech Lab  
  61  8:45  Widow Mine x2  
  65  9:13  Widow Mine x2  
  65  9:16  Siege Tank  
  72  9:42  Widow Mine x2  
  76  9:48  Siege Tank  
  73  10:11  Siege Tank x2  
  79  10:15  Missile Turret  
  79  10:20  Siege Tank  
  82  10:39  Missile Turret  
  82  10:43  Siege Tank x2  
  88  10:52  Siege Tank  
  91  11:00  Missile Turret  
  91  11:17  Missile Turret  
  91  11:21  Missile Turret  
  91  11:36  Missile Turret  
  91  11:38  Missile Turret  
  87  11:48  Widow Mine x3  
  87  11:53  Marine  
  87  11:54  Marine  
  94  12:11  Marine x2  
  90  12:16  Widow Mine x3  
  96  12:29  Marine x2  
  98  12:45  Widow Mine x3  
  98  12:47  Marine x2  
  106  12:53  Supply Depot  
  106  12:54  Supply Depot  
  106  12:55  Supply Depot  
  106  12:56  Supply Depot  
  106  12:57  Supply Depot  
  106  12:58  Supply Depot  
  106  12:59  Supply Depot x2  
  106  13:00  Supply Depot  
  106  13:13  Widow Mine x3  
  112  13:42  Widow Mine x3  
  118  14:10  Widow Mine x2  
  118  14:11  Widow Mine  
  109  14:39  Siege Tank  
  109  14:40  Siege Tank x2  
  118  15:11  Siege Tank  
  118  15:12  Siege Tank x2  
  116  15:47  Marine  
  116  15:48  Marine  
  118  15:57  Siege Tank x3  
  127  16:05  Marine x2  
  129  16:23  Marine x2  
  131  16:29  Siege Tank x3  
  140  16:41  Marine x2  
  134  17:01  Siege Tank x3  
  131  17:33  Siege Tank x3  
  117  17:54  Marine x2  
  119  18:05  Siege Tank x2  
  122  18:06  Siege Tank  
  122  18:11  Marine  
  122  18:12  Marine  
  124  18:28  Refinery  
  124  18:29  Marine x2  
  124  18:33  Refinery  
  100  18:38  Hellion x3  
  106  18:47  Marine x2  
  102  18:56  Command Center  
Show
View Real Time Build Order
Export as new Build Order

TheReaper Protoss - Winner!

Build Orders: 1 Gate Expand 

Get SALT Encoding   

  12  0:14  Probe (Chrono Boost)  
  13  0:25  Probe (Chrono Boost)  
  14  0:35  Pylon  
  14  0:40  Probe (Chrono Boost)  
  15  0:55  Gateway  
  15  1:00  Forge  
  15  1:26  Nexus  
  15  1:37  Probe (Chrono Boost)  
  16  1:47  Assimilator  
  16  1:48  Probe (Chrono Boost)  
  17  1:55  Cybernetics Core  
  17  1:58  Probe (Chrono Boost)  
  18  2:07  Photon Cannon  
  18  2:09  Probe (Chrono Boost)  
  19  2:19  Probe (Chrono Boost)  
  20  2:30  Probe (Chrono Boost)  
  20  2:34  Pylon  
  21  2:37  Assimilator  
  21  2:40  Probe (Chrono Boost)  
  21  2:41  Probe (Chrono Boost)  
  23  2:50  Probe (Chrono Boost)  
  24  2:57  Warp Gate (Chrono Boost)  
  24  3:00  Probe (Chrono Boost)  
  25  3:10  Probe  
  26  3:20  Probe  
  26  3:23  Pylon  
  27  3:31  Assimilator, Probe  
  28  3:38  Probe  
  29  3:41  Probe  
  30  3:50  Probe  
  30  3:52  Probe  
  30  3:54  Gateway  
  32  3:57  Gateway  
  32  3:58  Twilight Council  
  32  4:02  Gateway, Probe x2  
  33  4:09  Pylon, Protoss Ground Armor Level 1 (Chrono Boost)  
  34  4:14  Probe  
  35  4:18  Probe  
  36  4:26  Probe  
  36  4:29  Probe  
  36  4:31  Assimilator  
  38  4:38  Gateway  
  38  4:40  Gateway, Probe  
  38  4:44  Pylon  
  39  4:47  Charge (Chrono Boost)  
  39  4:49  Pylon  
  39  4:50  Probe  
  40  5:09  Forge  
  40  5:17  Pylon  
  40  5:21  Pylon  
  40  5:38  Dark Shrine  
  40  5:42  Pylon  
  40  5:43  Gateway  
  40  5:51  Gateway  
  40  5:54  Gateway  
  40  5:55  Pylon  
  40  6:18  Pylon  
  40  6:20  Blink  
  40  6:30  Nexus  
  40  6:45  Protoss Ground Armor Level 2 (Chrono Boost), Protoss Ground Weapons Level 1 (Chrono Boost)  
  40  6:50  Stalker  
  40  6:51  Stalker x4  
  40  6:52  Stalker  
  52  7:12  Dark Templar x3  
  58  7:17  Zealot x5  
  58  7:18  Zealot  
  70  7:31  Pylon  
  70  8:04  Zealot x4  
  70  8:05  Zealot x2  
  82  8:24  Probe  
  81  8:34  Probe  
  81  8:38  Photon Cannon  
  81  8:39  Photon Cannon  
  68  8:45  Probe  
  45  8:55  Stalker, Probe  
  45  8:56  Stalker x4  
  45  8:57  Stalker x3  
  45  8:58  Stalker  
  62  9:06  Probe  
  62  9:09  Resonating Glaives  
  63  9:20  Protoss Ground Armor Level 3 (Chrono Boost)  
  63  9:27  Protoss Ground Weapons Level 2 (Chrono Boost)  
  63  9:32  Stalker x3  
  63  9:33  Stalker x3  
  75  9:41  Pylon  
  75  10:02  Pylon  
  53  10:52  Stalker x2  
  53  10:53  Stalker x4  
  53  10:54  Stalker  
  53  10:55  Stalker x2  
  63  11:03  Photon Cannon  
  63  11:07  Photon Cannon  
  63  11:10  Pylon  
  63  11:19  Stalker x6  
  63  11:20  Stalker x3  
  77  11:49  Stalker x2  
  77  11:50  Stalker x3  
  77  11:51  Stalker x2  
  91  12:05  Protoss Ground Weapons Level 3 (Chrono Boost)  
  63  12:56  Stalker x4  
  63  12:57  Stalker x5  
  77  13:06  Photon Cannon  
  77  13:08  Photon Cannon  
  77  13:42  Stalker  
  77  13:43  Stalker x6  
  91  13:51  Protoss Shields Level 1 (Chrono Boost)  
  61  14:51  Stalker  
  61  14:52  Stalker x5  
  55  14:53  Stalker x3  
  63  15:36  Stalker x5  
  63  15:37  Stalker x4  
  45  16:43  Stalker x4  
  45  16:44  Stalker x4  
  45  16:45  Stalker  
  63  16:58  Assimilator  
  63  17:01  Assimilator  
  63  17:07  Pylon  
  63  17:09  Stalker x3  
  63  17:10  Stalker x5  
  45  18:27  Stalker x4  
  47  18:28  Stalker x5  
  63  18:53  Stalker  
  63  18:54  Stalker x5  
  63  18:55  Stalker  
Show
View Real Time Build Order
Export as new Build Order

Winthrowe Terran - Winner!

Build Orders: Command Center First (CC) 

Get SALT Encoding   

  12  0:03  SCV  
  13  0:15  SCV  
  14  0:27  SCV, Supply Depot  
  15  0:48  SCV  
  16  1:00  SCV  
  17  1:08  Command Center  
  17  1:13  SCV  
  18  1:25  SCV  
  19  1:36  Barracks  
  19  1:37  SCV  
  20  1:44  Refinery  
  20  1:46  Refinery  
  20  1:49  SCV  
  22  2:01  SCV  
  22  2:13  SCV, Refinery  
  23  2:20  SCV  
  23  2:21  Refinery  
  24  2:25  SCV  
  25  2:32  SCV  
  26  2:37  SCV  
  27  2:44  SCV  
  27  2:49  SCV  
  29  2:56  SCV  
  30  3:01  SCV  
  31  3:08  SCV  
  32  3:13  Barracks  
  32  3:14  SCV  
  33  3:20  SCV  
  33  3:23  Factory  
  33  3:26  SCV  
  35  3:33  SCV  
  36  3:38  SCV  
  37  3:45  SCV  
  38  3:58  Supply Depot  
  38  4:00  Supply Depot x2  
  38  4:04  Engineering Bay  
  38  4:09  Orbital Command, Engineering Bay  
  38  4:12  Orbital Command  
  38  4:26  Marine x2  
  40  4:32  Factory Tech Lab  
  40  4:37  Terran Infantry Weapons Level 1, Terran Infantry Armor Level 1  
  40  4:38  Starport  
  40  4:43  Marine, Armory  
  40  4:44  Marine  
  40  4:45  SCV  
  43  4:47  SCV  
  44  5:03  Barracks Reactor  
  44  5:04  Barracks Tech Lab  
  44  5:14  SCV x2  
  46  5:26  SCV x2  
  48  5:29  Starport Reactor  
  48  5:30  Armory  
  48  5:34  Marauder  
  50  5:38  SCV x2  
  50  5:42  Marine x2  
  54  5:48  Thor  
  60  5:50  SCV x2  
  62  6:02  Marine x2, Marauder  
  66  6:07  Supply Depot  
  66  6:09  Supply Depot  
  66  6:10  Supply Depot  
  66  6:15  SCV  
  66  6:16  SCV  
  68  6:20  Marine x2  
  68  6:24  Marauder  
  68  6:25  Medivac x2  
  76  6:27  SCV  
  76  6:30  Thor  
  83  6:33  Supply Depot  
  83  6:36  Supply Depot  
  83  6:37  Terran Infantry Weapons Level 2  
  83  6:38  Marine x2  
  85  6:43  Terran Infantry Armor Level 2  
  85  6:45  Marauder  
  85  6:46  Combat Shields  
  87  6:55  Viking x2  
  87  6:58  Terran Vehicle Weapons Level 1  
  87  6:59  Terran Vehicle And Ship Armor Level 1  
  91  7:07  Marauder  
  93  7:13  Supply Depot  
  93  7:36  Supply Depot  
  93  7:41  Marauder  
  93  7:42  Marine x2  
  99  7:56  Thor  
  103  7:59  Supply Depot  
  103  8:00  Marine x2  
  103  8:03  Marauder  
  107  8:05  Stimpack  
  107  8:18  Marine  
  108  8:21  Supply Depot  
  108  8:24  Marauder  
  108  8:25  Command Center  
  110  8:44  Supply Depot  
  110  8:45  Marauder  
  112  8:53  Terran Ship Weapons Level 1  
  112  9:07  Marine x2, Marauder  
  112  9:09  Thor  
  122  9:12  Viking x2  
  122  9:16  Fusion Core  
  126  9:24  Marine  
  126  9:25  Marine  
  126  9:28  Marauder  
  114  9:42  Marine x2  
  115  9:49  Marauder  
  115  9:52  Hellbat  
  115  10:00  Marine x2  
  115  10:06  Concussive Shells  
  117  10:10  Starport  
  117  10:11  Marauder  
  117  10:13  Thor  
  125  10:15  Medivac  
  125  10:18  Marine x2, Medivac  
  131  10:32  Marauder  
  133  10:36  Marine x2  
  135  10:51  Viking x2  
  135  10:53  Marine  
  135  10:54  Marine, Marauder  
  135  10:56  Thor  
  145  11:11  Marine x2  
  145  11:15  Marauder  
  140  11:21  Viking  
  140  11:23  Viking  
  139  11:29  Marine x2  
  133  11:36  Marauder  
  133  11:39  Thor  
  125  11:40  Terran Infantry Weapons Level 3  
  113  11:47  Marine x2  
  113  11:48  Starport Tech Lab  
  99  11:58  Marauder  
  101  12:05  Marine x2  
  99  12:19  Marauder  
  99  12:21  Thor  
  107  12:34  Marine  
  107  12:35  Marine  
  107  12:39  Battlecruiser  
  107  12:41  Marauder  
  107  12:42  Medivac  
  117  12:49  Medivac  
  119  12:52  Marine  
  119  12:53  Marine  
  119  12:57  Refinery x2  
  121  13:02  Marauder  
  121  13:04  Thor  
  129  13:10  Marine  
  129  13:11  Marine  
  131  13:23  Marauder  
  133  13:28  Marine x2  
  135  13:44  Battlecruiser  
  135  13:45  Marauder  
  135  13:47  Thor  
  149  14:04  Marine x2  
  149  14:06  Marauder  
  149  14:07  Viking x2  
  157  14:21  Marine  
  157  14:22  Marine  
  159  14:27  Marauder  
  161  14:36  Viking  
  161  14:38  Thor  
  163  14:39  Marine x2  
  171  14:48  Battlecruiser  
  171  14:49  Marauder  
  179  14:57  Marine x2  
  181  15:10  Marauder  
  183  15:15  Marine x2  
  183  15:21  Thor  
  121  15:32  Marauder  
  92  15:52  Battlecruiser  
  92  15:53  Marauder  
  92  15:55  Marine  
  92  15:56  Marine  
  102  16:07  Thor  
  108  16:13  Marine  
  108  16:14  Marine, Marauder  
  112  16:31  Marine  
  113  16:49  Liberator  
  113  16:52  Marine x3  
  116  16:56  Battlecruiser  
  113  17:09  Marine  
  113  17:10  Marine x2  
  89  17:27  Marine  
  89  17:28  Marine x2  
  82  17:45  Marine  
  82  17:46  Marine x2  
  79  18:03  Marine  
  80  18:23  Weapon Refit  
  80  18:37  Marine x3  
Tags
 
Add a new tag
Caveats
  • Supply blocks, unpowered buildings, or Contaminate may cause inaccurate times.
  • Supply counts are checked every 10 seconds.